Map: Kairos Junction LE

Players

Yocto - Winner!

  • Race: Zerg Zerg
  • League: Platinum
  • Spawn Location: 5:00

ThugSouth

  • Race: Protoss Protoss
  • League: Platinum
  • Spawn Location: 11:00

VOD

Have the link to the VOD?

Description

Time

  • Played on: Dec. 22, 2018, 4:31 a.m.
  • Length: 16:20
Show
View Real Time Build Order
Export as new Build Order

Yocto Zerg - Winner!

Build Orders: Hatch First, Lurkers 

Get SALT Encoding   

  12  0:02  Drone  
  13  0:17  Overlord  
  13  0:18  Drone  
  14  0:38  Drone x2  
  16  0:45  Drone  
  17  1:02  Hatchery, Drone  
  17  1:18  Spawning Pool  
  17  1:19  Drone  
  17  1:23  Extractor  
  15  1:27  Drone  
  15  1:30  Drone  
  17  1:39  Drone  
  18  1:48  Drone  
  19  2:00  Overlord  
  19  2:05  Queen  
  21  2:12  Drone  
  21  2:14  Queen  
  24  2:21  Drone x2  
  26  2:27  Drone  
  27  2:39  Drone  
  27  2:41  Metabolic Boost  
  28  2:46  Queen  
  28  2:50  Queen  
  32  3:04  Roach Warren  
  32  3:05  Drone x3  
  34  3:08  Extractor  
  33  3:15  Zergling x6  
  36  3:25  Overlord x2  
  36  3:39  Spine Crawler  
  35  3:48  Pneumatized Carapace  
  35  3:57  Drone x4  
  35  3:58  Drone x5  
  44  4:19  Hatchery  
  43  4:34  Overlord x3  
  43  4:40  Spine Crawler  
  42  4:46  Overlord x2  
  42  4:54  Roach x5  
  52  5:11  Extractor  
  52  5:12  Drone x3  
  54  5:15  Drone x2  
  54  5:16  Drone  
  57  5:29  Drone x3  
  57  5:30  Extractor  
  57  5:31  Drone  
  60  5:37  Drone x3  
  63  5:44  Evolution Chamber, Drone x3  
  63  5:45  Evolution Chamber  
  63  5:48  Drone x3  
  67  5:58  Roach x5  
  72  6:12  Roach x5  
  72  6:15  Overlord x2  
  82  6:30  Overlord  
  82  6:31  Overlord  
  82  6:42  Overlord x3  
  82  6:43  Overlord x2  
  82  6:44  Ravager x2  
  84  7:11  Lair, Hatchery  
  83  7:22  Hatchery  
  82  7:46  Zergling x12  
  82  7:47  Zergling x8  
  92  7:54  Zerg Missile Weapons Level 1, Zerg Ground Armor Level 1  
  92  8:09  Drone  
  92  8:10  Drone x5  
  98  8:16  Roach x3  
  98  8:17  Ravager  
  98  8:18  Ravager x6  
  109  8:33  Roach  
  109  8:34  Roach x6  
  109  8:35  Roach  
  110  8:44  Roach  
  110  8:45  Roach x4  
  117  8:58  Roach x4  
  123  9:07  Zergling x4  
  123  9:14  Queen, Spine Crawler  
  123  9:15  Spine Crawler  
  123  9:16  Spine Crawler, Drone x3  
  123  9:17  Drone x2  
  127  9:25  Glial Reconstitution  
  127  9:26  Hydralisk Den  
  126  9:36  Drone x4  
  126  9:37  Drone x2  
  132  9:59  Zerg Ground Armor Level 2, Zerg Missile Weapons Level 2  
  132  10:03  Queen, Hatchery  
  133  10:08  Extractor  
  133  10:09  Extractor, Drone x3  
  133  10:11  Drone x2  
  133  10:12  Drone  
  133  10:13  Overlord x2  
  137  10:19  Queen  
  140  10:21  Drone x3  
  140  10:23  Drone x3  
  140  10:24  Drone  
  146  10:31  Queen, Muscular Augments  
  148  10:36  Lurker Den  
  141  11:03  Zergling x2  
  139  11:04  Zergling x26  
  134  11:12  Zergling x2  
  134  11:13  Zergling x4  
  121  11:38  Zergling x12  
  121  11:39  Zergling x6  
  112  11:53  Zergling x2  
  112  11:54  Zergling x6  
  114  11:59  Roach  
  101  12:13  Hydralisk x2  
  101  12:14  Hydralisk x3  
  103  12:21  Grooved Spines  
  103  12:24  Zerg Melee Weapons Level 1  
  103  12:27  Queen  
  105  12:36  Hydralisk  
  105  12:37  Hydralisk x16  
  139  12:46  Hydralisk x2  
  143  12:53  Overseer x2, Infestation Pit  
  143  12:56  Drone x3  
  145  13:08  Overlord  
  145  13:09  Overlord x3  
  145  13:21  Overlord x2  
  145  13:22  Overlord x3  
  145  13:23  Hydralisk x2  
  145  13:24  Hydralisk x5  
  145  13:26  Lurker  
  162  13:27  Lurker x3  
  162  13:29  Lurker  
  164  13:43  Hydralisk x6  
  176  14:09  Baneling Nest  
  175  14:11  Extractor x2  
  146  14:38  Roach  
  146  14:39  Roach x20  
  146  14:40  Roach x5  
  196  14:51  Roach x4  
  182  15:11  Roach x6  
  194  15:21  Lurker x6  
Show
View Real Time Build Order
Export as new Build Order

ThugSouth Protoss 

Build Orders: Chargelot Immortal 

Get SALT Encoding   

  12  0:00  Probe  
  13  0:13  Probe  
  14  0:20  Pylon  
  14  0:25  Probe  
  15  0:38  Probe  
  15  0:40  Gateway  
  16  0:46  Probe  
  16  0:50  Assimilator  
  17  1:00  Probe  
  18  1:12  Probe  
  19  1:19  Assimilator  
  19  1:24  Probe  
  20  1:30  Cybernetics Core  
  20  1:36  Probe  
  20  1:38  Gateway  
  21  1:41  Pylon  
  21  1:50  Zealot  
  23  1:59  Probe  
  24  2:06  Warp Gate  
  24  2:09  Adept  
  24  2:11  Probe  
  25  2:17  Stalker  
  27  2:23  Probe  
  27  2:25  Shield Battery  
  30  2:50  Pylon  
  30  3:08  Sentry, Adept  
  30  3:11  Pylon  
  34  3:22  Nexus  
  34  3:35  Sentry  
  34  3:37  Pylon  
  36  3:57  Twilight Council  
  36  4:03  Pylon  
  36  4:12  Gateway  
  35  4:19  Gateway  
  35  4:36  Stalker  
  35  4:38  Stalker  
  39  4:44  Probe  
  40  4:49  Charge  
  40  4:56  Probe  
  41  5:02  Stalker  
  41  5:05  Templar Archives  
  43  5:08  Probe  
  44  5:16  Pylon  
  44  5:20  Probe  
  45  5:24  Probe  
  45  5:26  Sentry  
  45  5:27  Sentry  
  50  5:32  Probe  
  51  5:36  Probe, Forge  
  52  5:45  Zealot  
  52  5:48  Probe  
  55  5:52  Psionic Storm  
  55  6:00  Probe  
  54  6:11  Stalker  
  54  6:12  Stalker x2  
  60  6:39  Probe  
  60  6:43  Assimilator  
  60  6:44  Probe  
  60  6:46  Assimilator  
  62  6:47  Probe  
  62  6:51  Robotics Facility  
  63  6:56  Probe  
  63  6:57  Probe  
  63  7:00  Robotics Facility  
  65  7:07  Probe  
  65  7:08  Probe, Pylon  
  66  7:11  Protoss Ground Weapons Level 1  
  67  7:15  Probe  
  67  7:20  Probe  
  69  7:24  Probe  
  69  7:28  Zealot x3  
  76  7:32  Probe  
  76  7:35  Probe  
  76  7:36  Immortal  
  78  7:47  Probe  
  78  7:50  Observer  
  84  7:53  Zealot  
  84  7:54  Zealot  
  84  7:57  Zealot  
  90  7:59  Probe  
  90  8:05  Pylon  
  91  8:33  Immortal  
  91  8:34  Immortal  
  81  8:40  Stalker x3  
  76  9:03  Immortal  
  76  9:04  Immortal  
  80  9:17  Sentry x2  
  80  9:18  Sentry  
  80  9:21  Protoss Ground Armor Level 1  
  86  9:28  Pylon  
  86  9:34  Gateway  
  86  9:35  Gateway  
  86  9:37  Gateway  
  86  9:42  High Templar x2  
  90  9:46  Zealot  
  90  9:48  Archon  
  92  10:04  Probe  
  93  10:14  Immortal  
  97  10:24  Nexus  
  97  10:27  Pylon  
  97  10:29  High Templar x2, Pylon  
  97  10:33  Assimilator  
  97  10:35  Assimilator  
  101  10:40  Pylon  
  101  10:41  Pylon  
  101  10:45  Archon  
  77  11:15  Immortal x2  
  83  11:21  Zealot x2  
  83  11:22  Zealot x4  
  60  11:49  Immortal x2  
  60  11:52  Zealot x4  
  60  11:53  Zealot x2  
  69  12:13  Probe x3  
  70  12:25  Probe x3  
  70  12:28  High Templar x5  
  70  12:29  High Templar  
  85  12:32  Archon x3  
  86  12:37  Probe x3  
  86  12:39  Protoss Ground Weapons Level 2  
  88  12:49  Probe  
  88  12:50  Robotics Bay  
  89  12:53  Immortal x2  
  97  13:10  Zealot x3  
  97  13:11  Zealot  
  105  13:18  High Templar  
  107  13:22  Probe  
  108  13:30  High Templar  
  108  13:31  Probe  
  110  13:39  Probe  
  110  13:40  Probe x2  
  114  13:51  Probe  
  114  13:52  High Templar  
  114  13:53  Probe, High Templar  
  120  13:57  Zealot x3  
  126  14:05  Probe  
  127  14:12  Colossus x2, Extended Thermal Lance  
  128  14:17  Probe  
  140  14:29  Probe  
  131  14:37  Archon  
  111  14:41  Zealot x2  
  111  14:42  Zealot x4  
  82  14:59  Colossus  
  70  15:03  High Templar x2  
  70  15:04  Zealot x3  
  70  15:05  Zealot  
  67  15:22  Disruptor  
  67  15:25  High Templar x2  
  67  15:26  Zealot x2  
  78  15:47  Observer  
  78  15:53  Nexus  
  77  15:58  Zealot x3  
  77  15:59  Zealot  
Tags
 
Add a new tag
Caveats
  • Supply blocks, unpowered buildings, or Contaminate may cause inaccurate times.
  • Supply counts are checked every 10 seconds.